Bruins vs Red Wings
Created - 5 janvier 2017 at 19:01
Goals
|
Bruins |
1 |
1 |
2 |
0 |
2 |
5 |
Red Wings |
2 |
1 |
1 |
0 |
0 |
4 |
|
Shots
|
Bruins |
12 |
12 |
17 |
0 |
2 |
41 |
Red Wings |
16 |
14 |
10 |
0 |
2 |
40 |
|
1st period
1. Red Wings , Tomas Plekanec 4 (Ales Hemsky, Chris Campoli) at 7:35
2. Red Wings , Rick Nash 21 (Phil Kessel, Stephane Robidas) at 8:04 (PP)
3. Bruins , Jason Demers 1 (Adam Pineault, Dave Bolland) at 8:43
Penalties :
Matt Cooke (Bos) for Charging (Minor) at 7:42, Nate Prosser (Bos) for Holding (Minor) at 14:23
2nd period
4. Bruins , Matt Hendricks 3 (Andrew Alberts, Curtis Glencross) at 8:54
5. Red Wings , Mike Brown 4 (Rickard Wallin, Ales Hemsky) at 14:47
Penalties :
Daniel Sedin (Bos) for Roughing (Minor) at 0:03, Jason Demers (Bos) for Tripping (Minor) at 17:37
3rd period
6. Red Wings , Tomas Plekanec 5 (Stephane Robidas, Ales Hemsky) at 1:15
7. Bruins , Wojtek Wolski 25 (Henrik Sedin, Mark Stuart) at 7:25 (PP)
8. Bruins , Dave Bolland 5 (Adam Pineault, Viktor Stalberg) at 15:50
Penalties :
Stephane Robidas (Det) for Hooking (Minor) at 6:33
Overtime #1
No Goal
Penalties :
No Penalty
Shootout
Penalty Shot by Wojtek Wolski for Bruins - Goal!
Penalty Shot by Rick Nash for Red Wings - Stopped by Karri Ramo
Penalty Shot by Henrik Sedin for Bruins - Goal!
Penalty Shot by Mike Richards for Red Wings - Stopped by Karri Ramo
Penalties :
No Penalty
Goalie Stats
Karri Ramo (Bos), 36 saves from 40 shots - (0,900), W, 6-4-1, 65:00 minutes
Michal Neuvirth (Det), 37 saves from 41 shots - (0,902), OTL, 11-9-5, 65:00 minutes
Players Stats for Bruins
Player Name G A P +/- PIM S H SB GA TA FO MP PP MP PK MP
------------------------------------------------------------------------------------
Adam Pineault 0 2 2 1 0 0 1 0 0 1 0/0 11:54 0:00 0:00
Andrew Alberts 0 1 1 1 0 3 1 1 1 1 0/0 28:53 0:00 4:28
Chris Kelly 0 0 0 -1 0 1 1 1 0 0 10/18 17:48 0:00 2:16
Curtis Glencross 0 1 1 1 0 0 3 0 0 0 0/0 11:08 0:00 1:15
Daniel Sedin 0 0 0 -1 2 0 0 0 0 0 1/2 22:36 0:52 2:33
Dave Bolland 1 1 2 1 0 3 0 1 0 0 3/4 13:08 0:00 0:00
Erik Condra 0 0 0 1 0 3 1 0 0 0 0/0 8:43 0:00 0:00
Henrik Sedin 0 1 1 -1 0 3 1 0 0 0 19/30 23:57 0:52 3:30
Jason Demers 1 0 1 1 2 4 1 5 1 1 0/0 27:08 0:00 2:42
Justin Falk 0 0 0 -2 0 1 0 0 0 2 0/0 17:04 0:52 1:46
Mark Stuart 0 1 1 1 0 2 1 1 0 1 0/0 22:50 0:52 1:51
Matt Cooke 0 0 0 -1 2 3 2 0 2 0 0/1 16:25 0:00 1:53
Matt Hendricks 1 0 1 1 0 3 3 1 0 1 2/2 8:43 0:00 0:00
Nate Prosser 0 0 0 -2 2 3 0 0 0 1 0/0 13:42 0:00 0:00
Ryan O'Byrne 0 0 0 1 0 1 0 0 0 1 0/0 20:45 0:00 1:51
Victor Oreskovich 0 0 0 -1 0 1 1 1 0 0 1/1 14:11 0:00 0:00
Viktor Stalberg 0 1 1 1 0 3 1 0 1 0 0/0 14:21 0:00 1:11
Wojtek Wolski 1 0 1 -1 0 7 1 0 1 1 0/1 20:21 0:52 0:00
Players Stats for Red Wings
Player Name G A P +/- PIM S H SB GA TA FO MP PP MP PK MP
------------------------------------------------------------------------------------
Adam Henrique 0 0 0 1 0 1 0 1 0 0 0/0 16:46 2:56 0:00
Ales Hemsky 0 3 3 1 0 2 0 0 1 0 0/0 12:42 0:19 0:00
Chris Campoli 0 1 1 1 0 1 3 2 0 0 0/0 16:25 0:16 0:52
Filip Kuba 0 0 0 2 0 0 3 2 0 1 0/0 21:27 2:26 0:00
Jonathan Sigalet 0 0 0 -3 0 2 1 0 1 2 0/0 27:42 2:26 0:00
Maxim Kondratiev 0 0 0 1 0 1 2 1 1 0 0/0 16:09 0:00 0:52
Mike Brown 1 0 1 0 0 1 0 1 0 0 0/0 9:40 0:14 0:00
Mike Richards 0 0 0 0 0 2 2 0 0 1 15/30 23:33 3:02 0:28
Nate Thompson 0 0 0 0 0 0 1 0 1 0 0/0 10:13 0:00 0:00
Phil Kessel 0 1 1 0 0 3 0 0 1 0 0/2 21:09 3:04 0:00
Rick Nash 1 0 1 0 0 5 2 2 2 0 0/0 23:37 3:04 0:28
Rickard Wallin 0 1 1 0 0 3 0 0 0 0 1/4 9:10 0:00 0:00
Sean Bergenheim 0 0 0 -1 0 4 2 1 0 0 0/0 18:09 2:56 0:00
Shea Weber 0 0 0 -3 0 2 2 0 1 0 0/0 27:13 3:37 0:00
Stephane Robidas 0 2 2 2 2 2 1 0 0 1 0/0 21:03 3:53 0:00
Steve Downie 0 0 0 -1 0 6 1 0 1 1 0/2 14:09 0:26 0:24
Tomas Plekanec 2 0 2 1 0 3 0 0 1 0 0/3 11:38 0:00 0:00
Tyler Johnson 0 0 0 -1 0 2 0 1 0 0 7/18 18:22 2:56 0:24
3 Stars
1 - Tomas Plekanec (Det)
2 - Dave Bolland (Bos)
3 - Ales Hemsky (Det)
Power Play
Bruins - 1 on 1 Attempt(s) - 100,00%
Red Wings - 1 on 4 Attempt(s) - 25,00%
Penalty Kill
Bruins - 3 on 4 Attempt(s) - 75,00%
- Score 0 goal in Penalty Kill
Red Wings - 0 on 1 Attempt(s) - 0,00%
- Score 0 goal in Penalty Kill
Team Stat
Bruins - Hits : 18 - Faceoff Wins : 36 - Blocked Shots : 11 - Penalty Minutes : 8
Red Wings - Hits : 20 - Faceoff Wins : 23 - Blocked Shots : 11 - Penalty Minutes : 2
Official
Referees : Furlatt Eric and Hebert Ghislain
Linesman : Mark Shewchyk and Mark Wheler
Game Notes
No Game Note
Finance
Level 1 -- Attendance: 6000 (100,00%) -- Ticket Income 450 000 $
Level 2 -- Attendance: 4795 (95,90%) -- Ticket Income 230 160 $
Level 3 -- Attendance: 1842 (92,10%) -- Ticket Income 51 576 $
Level 4 -- Attendance: 3505 (87,63%) -- Ticket Income 70 100 $
Luxury Box -- Attendance: 958 (95,80%) -- Ticket Income 148 490 $
Game was played at the Joe Louis Arena.
Total Attendance: 17100 (95,00%)
Total Ticket Income: 950 326 $
Other Income: 142 549 $
Total Income: 1 092 875 $
Bruins
5 vs 5 Forward
Center Left Wing Right Wing Time % Phy DF OF
1 Henrik Sedin Wojtek Wolski Daniel Sedin 40 1 2 2
2 Chris Kelly Matt Cooke Victor Oreskovich 30 1 2 2
3 Dave Bolland Viktor Stalberg Adam Pineault 20 1 2 2
4 Matt Hendricks Curtis Glencross Erik Condra 10 1 2 2
5 vs 5 Defense
Defense Defense Time % Phy DF OF
1 Jason Demers Andrew Alberts 40 1 2 2
2 Ryan O'Byrne Mark Stuart 30 1 2 2
3 Nate Prosser Justin Falk 20 1 2 2
4 Jason Demers Andrew Alberts 10 1 2 2
PowerPlay Forward
Center Left Wing Right Wing Time % Phy DF OF
1 Henrik Sedin Wojtek Wolski Daniel Sedin 60 1 2 2
2 Chris Kelly Matt Cooke Victor Oreskovich 40 1 2 2
PowerPlay Defense
Defense Defense Time % Phy DF OF
1 Jason Demers Andrew Alberts 60 1 2 2
2 Justin Falk Mark Stuart 40 1 2 2
Penalty Kill 4 Players Forward
Center Wing Time % Phy DF OF
1 Henrik Sedin Daniel Sedin 60 1 2 2
2 Chris Kelly Matt Cooke 40 1 2 2
Penalty Kill 4 Players Defense
Defense Defense Time % Phy DF OF
1 Jason Demers Andrew Alberts 60 1 2 2
2 Ryan O'Byrne Mark Stuart 40 1 2 2
Penalty Kill - 3 Players Forward
Forward Time % Phy DF OF
1 Henrik Sedin 60 1 2 2
2 Dave Bolland 40 1 2 2
Penalty Kill - 3 Players Defense
Defense Defense Time % Phy DF OF
1 Jason Demers Andrew Alberts 60 1 2 2
2 Ryan O'Byrne Mark Stuart 40 1 2 2
4 vs 4 Forward
Center Wing Time % Phy DF OF
1 Henrik Sedin Wojtek Wolski 60 1 2 2
2 Chris Kelly Daniel Sedin 40 1 2 2
4 vs 4 Defense
Defense Defense Time % Phy DF OF
1 Jason Demers Andrew Alberts 60 1 2 2
2 Justin Falk Mark Stuart 40 1 2 2
Last Minutes Offensive
Center Left Wing Right Wing Defense Defense
Henrik Sedin Wojtek Wolski Victor Oreskovich Jason Demers Andrew Alberts
Last Minutes Defensive
Center Left Wing Right Wing Defense Defense
Henrik Sedin Wojtek Wolski Victor Oreskovich Jason Demers Andrew Alberts
Goaltenders
Starting : Karri Ramo
Backup : Roberto Luongo
Extra Forwards
Normal : Daniel Sedin, Dave Bolland, Viktor Stalberg - PP : Chris Kelly, Dave Bolland - PK : Viktor Stalberg
Extra Defensemen
Normal : Nate Prosser, Justin Falk, Ryan O'Byrne - PP : Nate Prosser - PK : Justin Falk, Ryan O'Byrne
Penalty Shots
Wojtek Wolski, Henrik Sedin, Daniel Sedin, Victor Oreskovich, Matt Cooke
Red Wings
5 vs 5 Forward
Center Left Wing Right Wing Time % Phy DF OF
1 Mike Richards Rick Nash Phil Kessel 40 0 2 3
2 Tyler Johnson Sean Bergenheim Steve Downie 30 0 2 3
3 Tomas Plekanec Adam Henrique Ales Hemsky 20 1 2 2
4 Rickard Wallin Nate Thompson Mike Brown 10 1 2 2
5 vs 5 Defense
Defense Defense Time % Phy DF OF
1 Shea Weber Jonathan Sigalet 40 0 3 2
2 Filip Kuba Stephane Robidas 30 1 3 1
3 Chris Campoli Maxim Kondratiev 20 1 3 1
4 Chris Campoli Maxim Kondratiev 10 1 3 1
PowerPlay Forward
Center Left Wing Right Wing Time % Phy DF OF
1 Mike Richards Rick Nash Phil Kessel 60 0 1 4
2 Tyler Johnson Adam Henrique Sean Bergenheim 40 0 1 4
PowerPlay Defense
Defense Defense Time % Phy DF OF
1 Shea Weber Stephane Robidas 60 0 2 3
2 Filip Kuba Jonathan Sigalet 40 0 2 3
Penalty Kill 4 Players Forward
Center Wing Time % Phy DF OF
1 Tyler Johnson Steve Downie 50 1 2 2
2 Mike Richards Rick Nash 50 1 2 2
Penalty Kill 4 Players Defense
Defense Defense Time % Phy DF OF
1 Maxim Kondratiev Chris Campoli 60 1 2 2
2 Shea Weber Filip Kuba 40 1 2 2
Penalty Kill - 3 Players Forward
Forward Time % Phy DF OF
1 Tyler Johnson 60 1 2 2
2 Steve Downie 40 1 2 2
Penalty Kill - 3 Players Defense
Defense Defense Time % Phy DF OF
1 Maxim Kondratiev Chris Campoli 60 1 2 2
2 Shea Weber Filip Kuba 40 1 2 2
4 vs 4 Forward
Center Wing Time % Phy DF OF
1 Mike Richards Rick Nash 60 1 2 2
2 Tyler Johnson Sean Bergenheim 40 1 2 2
4 vs 4 Defense
Defense Defense Time % Phy DF OF
1 Shea Weber Filip Kuba 50 1 2 2
2 Stephane Robidas Jonathan Sigalet 50 1 2 2
Last Minutes Offensive
Center Left Wing Right Wing Defense Defense
Mike Richards Rick Nash Phil Kessel Shea Weber Filip Kuba
Last Minutes Defensive
Center Left Wing Right Wing Defense Defense
Tyler Johnson Rick Nash Steve Downie Shea Weber Maxim Kondratiev
Goaltenders
Starting : Michal Neuvirth
Backup : Mike McKenna
Extra Forwards
Normal : Rick Nash, Sean Bergenheim, Adam Henrique - PP : Steve Downie, Ales Hemsky - PK : Mike Brown
Extra Defensemen
Normal : Shea Weber, Filip Kuba, Jonathan Sigalet - PP : Chris Campoli - PK : Jonathan Sigalet, Stephane Robidas
Penalty Shots
Rick Nash, Mike Richards, Steve Downie, Shea Weber, Phil Kessel
% Time on Ice - Bruins
Lines # - Real PCT - Wanted PCT - Time Play
Normal Forward
1 - 34% - 40% - 18:06
2 - 28% - 30% - 14:33
3 - 22% - 20% - 11:27
4 - 17% - 10% - 8:43
Normal Defense
1 - 37% - 40% - 19:18
2 - 35% - 30% - 18:14
3 - 24% - 20% - 12:37
4 - 5% - 10% - 2:40
PP Forward
1 - 100% - 60% - 0:52
2 - 0% - 40% - 0:00
PP Defense
1 - 0% - 60% - 0:00
2 - 100% - 40% - 0:52
PK Forward
1 - 79% - 60% - 4:58
2 - 21% - 40% - 1:21
PK Defense
1 - 71% - 60% - 4:28
2 - 29% - 40% - 1:51
PK3 Forward
1 - 0% - 60%
2 - 0% - 40%
PK3 Defense
1 - 0% - 60%
2 - 0% - 40%
44 Forward
1 - 93% - 60% - 4:38
2 - 7% - 40% - 0:22
44 Defense
1 - 62% - 60% - 3:07
2 - 38% - 40% - 1:53
Last Minute Offensive - 0:00
Last Minute Defensive - 0:00
Total
Forward - 65:00
Defense - 65:00
|
% Time on Ice - Red Wings
Lines # - Real PCT - Wanted PCT - Time Play
Normal Forward
1 - 35% - 40% - 18:41
2 - 25% - 30% - 13:20
3 - 22% - 20% - 11:38
4 - 17% - 10% - 9:10
Normal Defense
1 - 41% - 40% - 21:37
2 - 32% - 30% - 17:02
3 - 18% - 20% - 9:26
4 - 9% - 10% - 4:44
PP Forward
1 - 54% - 60% - 3:23
2 - 46% - 40% - 2:56
PP Defense
1 - 61% - 60% - 3:53
2 - 39% - 40% - 2:26
PK Forward
1 - 46% - 50% - 0:24
2 - 54% - 50% - 0:28
PK Defense
1 - 100% - 60% - 0:52
2 - 0% - 40% - 0:00
PK3 Forward
1 - 0% - 60%
2 - 0% - 40%
PK3 Defense
1 - 0% - 60%
2 - 0% - 40%
44 Forward
1 - 97% - 60% - 4:51
2 - 3% - 40% - 0:09
44 Defense
1 - 62% - 50% - 3:06
2 - 38% - 50% - 1:54
Last Minute Offensive - 0:00
Last Minute Defensive - 0:00
Total
Forward - 65:00
Defense - 65:00
|
Play by Play
1st period
0:01 of 1st period - Henrik Sedin wins face-off versus Mike Richards in neutral zone.
0:08 of 1st period - Slapshot by Rick Nash.
0:08 of 1st period - Stopped by Karri Ramo with a rebound.
0:10 of 1st period - Slapshot by Shea Weber.
0:10 of 1st period - Stopped by Karri Ramo without a rebound.
0:11 of 1st period - Chris Kelly wins face-off versus Tyler Johnson in Bruins zone.
1:09 of 1st period - Snap shot by Rick Nash.
1:09 of 1st period - Shot Misses the Net.
1:22 of 1st period - Slapshot by Erik Condra.
1:22 of 1st period - Shot Blocked by Chris Campoli.
1:24 of 1st period - Wrist shot by Justin Falk.
1:24 of 1st period - Stopped by Michal Neuvirth with a rebound.
1:26 of 1st period - Snap shot by Matt Hendricks.
1:26 of 1st period - Stopped by Michal Neuvirth without a rebound.
1:27 of 1st period - Tyler Johnson wins face-off versus Chris Kelly in Red Wings zone.
1:41 of 1st period - Icing by Andrew Alberts.
1:42 of 1st period - Mike Richards wins face-off versus Chris Kelly in Bruins zone.
2:30 of 1st period - Wrist shot by Ales Hemsky.
2:30 of 1st period - Stopped by Karri Ramo with a rebound.
2:39 of 1st period - Off-side.
2:40 of 1st period - Mike Richards wins face-off versus Daniel Sedin in neutral zone.
2:43 of 1st period - Snap shot by Rick Nash.
2:43 of 1st period - Stopped by Karri Ramo with a rebound.
3:05 of 1st period - Mark Stuart is hit by Steve Downie and loses puck.
3:18 of 1st period - Wrist shot by Sean Bergenheim.
3:18 of 1st period - Deflect By Steve Downie.
3:18 of 1st period - Stopped by Karri Ramo without a rebound.
3:19 of 1st period - Rickard Wallin wins face-off versus Henrik Sedin in Bruins zone.
3:46 of 1st period - Jason Demers is hit by Stephane Robidas and loses puck.
3:59 of 1st period - Rick Nash is hit by Chris Kelly and loses puck.
4:14 of 1st period - Filip Kuba is hit by Matt Hendricks and loses puck.
4:39 of 1st period - Snap shot by Dave Bolland.
4:39 of 1st period - Deflect By Viktor Stalberg.
4:39 of 1st period - Stopped by Michal Neuvirth with a rebound.
4:41 of 1st period - Backhand shot by Jason Demers.
4:41 of 1st period - Shot Misses the Net.
4:43 of 1st period - Slapshot by Andrew Alberts.
4:43 of 1st period - Stopped by Michal Neuvirth with a rebound.
4:45 of 1st period - Slapshot by Jason Demers.
4:45 of 1st period - Shot Blocked by Rick Nash.
5:09 of 1st period - Wrist shot by Steve Downie.
5:09 of 1st period - Stopped by Karri Ramo with a rebound.
5:52 of 1st period - Wrist shot by Rickard Wallin.
5:52 of 1st period - Shot Misses the Net.
6:16 of 1st period - Chris Campoli is hit by Henrik Sedin and loses puck.
6:20 of 1st period - Icing by Chris Campoli.
6:21 of 1st period - Henrik Sedin wins face-off versus Tomas Plekanec in Red Wings zone.
6:35 of 1st period - Wojtek Wolski is hit by Maxim Kondratiev and loses puck.
7:35 of 1st period - Slapshot by Tomas Plekanec.
7:35 of 1st period - Goal by Tomas Plekanec - Bruins : 0 - Red Wings : 1.
7:36 of 1st period - Tyler Johnson wins face-off versus Chris Kelly in neutral zone.
7:39 of 1st period - Slapshot by Steve Downie.
7:39 of 1st period - Stopped by Karri Ramo without a rebound.
7:40 of 1st period - Chris Kelly wins face-off versus Phil Kessel in Bruins zone.
7:42 of 1st period - Minor Penalty to Matt Cooke for Charging.
7:43 of 1st period - Mike Richards wins face-off versus Henrik Sedin in Bruins zone.
7:50 of 1st period - Icing by Mike Richards.
7:51 of 1st period - Henrik Sedin wins face-off versus Mike Richards in Red Wings zone.
8:04 of 1st period - Wrist shot by Rick Nash.
8:04 of 1st period - Goal by Rick Nash - Bruins : 0 - Red Wings : 2.
8:05 of 1st period - Chris Kelly wins face-off versus Mike Richards in neutral zone.
8:39 of 1st period - Slapshot by Adam Pineault.
8:39 of 1st period - Shot Blocked by Tyler Johnson.
8:41 of 1st period - Slapshot by Jason Demers.
8:41 of 1st period - Stopped by Michal Neuvirth with a rebound.
8:43 of 1st period - Wrist shot by Jason Demers.
8:43 of 1st period - Deflect By Steve Downie.
8:43 of 1st period - Goal by Jason Demers - Bruins : 1 - Red Wings : 2.
8:44 of 1st period - Chris Kelly wins face-off versus Mike Richards in neutral zone.
8:53 of 1st period - Wrist shot by Chris Kelly.
8:53 of 1st period - Shot Blocked by Filip Kuba.
8:55 of 1st period - Snap shot by Victor Oreskovich.
8:55 of 1st period - Shot Blocked by Rick Nash.
9:38 of 1st period - Snap shot by Adam Henrique.
9:38 of 1st period - Stopped by Karri Ramo with a rebound.
9:40 of 1st period - Slapshot by Chris Campoli.
9:40 of 1st period - Deflect By Mark Stuart.
9:40 of 1st period - Stopped by Karri Ramo with a rebound.
9:42 of 1st period - Snap shot by Maxim Kondratiev.
9:42 of 1st period - Stopped by Karri Ramo with a rebound.
9:56 of 1st period - Slapshot by Mike Brown.
9:56 of 1st period - Shot Misses the Net.
9:58 of 1st period - Snap shot by Rickard Wallin.
9:58 of 1st period - Stopped by Karri Ramo without a rebound.
9:59 of 1st period - Mike Richards wins face-off versus Chris Kelly in Bruins zone.
10:59 of 1st period - Snap shot by Henrik Sedin.
10:59 of 1st period - Stopped by Michal Neuvirth with a rebound.
11:13 of 1st period - Slapshot by Erik Condra.
11:13 of 1st period - Deflect By Sean Bergenheim.
11:13 of 1st period - Stopped by Michal Neuvirth with a rebound.
11:15 of 1st period - Snap shot by Erik Condra.
11:15 of 1st period - Shot Blocked by Sean Bergenheim.
11:17 of 1st period - Slapshot by Matt Hendricks.
11:17 of 1st period - Shot Misses the Net.
11:19 of 1st period - Snap shot by Erik Condra.
11:19 of 1st period - Stopped by Michal Neuvirth without a rebound.
11:20 of 1st period - Henrik Sedin wins face-off versus Mike Richards in Red Wings zone.
11:47 of 1st period - Adam Pineault is hit by Maxim Kondratiev and loses puck.
11:58 of 1st period - Wrist shot by Ales Hemsky.
11:58 of 1st period - Shot Blocked by Mark Stuart.
12:12 of 1st period - Wrist shot by Nate Thompson.
12:12 of 1st period - Shot Misses the Net.
13:06 of 1st period - Snap shot by Ales Hemsky.
13:06 of 1st period - Stopped by Karri Ramo without a rebound.
13:07 of 1st period - Tyler Johnson wins face-off versus Chris Kelly in Bruins zone.
13:08 of 1st period - Snap shot by Sean Bergenheim.
13:08 of 1st period - Stopped by Karri Ramo with a rebound.
13:10 of 1st period - Snap shot by Tyler Johnson.
13:10 of 1st period - Shot Blocked by Chris Kelly.
13:12 of 1st period - Snap shot by Shea Weber.
13:12 of 1st period - Shot Blocked by Jason Demers.
13:14 of 1st period - Slapshot by Jonathan Sigalet.
13:14 of 1st period - Stopped by Karri Ramo with a rebound.
13:16 of 1st period - Snap shot by Sean Bergenheim.
13:16 of 1st period - Shot Blocked by Victor Oreskovich.
14:02 of 1st period - Wrist shot by Phil Kessel.
14:02 of 1st period - Shot Misses the Net.
14:04 of 1st period - Snap shot by Rick Nash.
14:04 of 1st period - Shot Blocked by Matt Hendricks.
14:23 of 1st period - Minor Penalty to Nate Prosser for Holding.
14:24 of 1st period - Tyler Johnson wins face-off versus Henrik Sedin in Bruins zone.
14:26 of 1st period - Backhand shot by Sean Bergenheim.
14:26 of 1st period - Shot Misses the Net.
16:23 of 1st period - Penalty to Nate Prosser is over, Nate Prosser is back on ice.
16:36 of 1st period - Snap shot by Chris Kelly.
16:36 of 1st period - Shot Blocked by Chris Campoli.
17:40 of 1st period - Snap shot by Henrik Sedin.
17:40 of 1st period - Stopped by Michal Neuvirth with a rebound.
17:52 of 1st period - Mark Stuart is hit by Jonathan Sigalet.
18:20 of 1st period - Nate Thompson is hit by Adam Pineault and loses puck.
18:35 of 1st period - Rick Nash is hit by Erik Condra and loses puck.
19:00 of 1st period - Wojtek Wolski is hit by Mike Richards.
19:19 of 1st period - Chris Kelly is hit by Filip Kuba and loses puck.
19:46 of 1st period - Snap shot by Viktor Stalberg.
19:46 of 1st period - Stopped by Michal Neuvirth with a rebound.
19:48 of 1st period - Snap shot by Adam Pineault.
19:48 of 1st period - Shot Misses the Net.
19:50 of 1st period - Snap shot by Mark Stuart.
19:50 of 1st period - Stopped by Michal Neuvirth with a rebound.
Goals for this period are 1 for Bruins vs 2 for Red Wings.
Shots for this period are 12 for Bruins vs 16 for Red Wings.
2nd period
0:01 of 2nd period - Henrik Sedin wins face-off versus Tyler Johnson in neutral zone.
0:03 of 2nd period - Minor Penalty to Daniel Sedin for Roughing.
0:04 of 2nd period - Mike Richards wins face-off versus Henrik Sedin in Bruins zone.
0:04 of 2nd period - Snap shot by Phil Kessel.
0:04 of 2nd period - Stopped by Karri Ramo with a rebound.
0:38 of 2nd period - Snap shot by Sean Bergenheim.
0:38 of 2nd period - Shot Blocked by Jason Demers.
1:22 of 2nd period - Tyler Johnson is hit by Matt Cooke and loses puck.
2:03 of 2nd period - Penalty to Daniel Sedin is over, Daniel Sedin is back on ice.
2:07 of 2nd period - Slapshot by Andrew Alberts.
2:07 of 2nd period - Stopped by Michal Neuvirth without a rebound.
2:08 of 2nd period - Dave Bolland wins face-off versus Rickard Wallin in Red Wings zone.
2:53 of 2nd period - Jonathan Sigalet is hit by Curtis Glencross and loses puck.
3:16 of 2nd period - Dave Bolland is hit by Sean Bergenheim and loses puck.
4:25 of 2nd period - Wrist shot by Ales Hemsky.
4:25 of 2nd period - Deflect By Tomas Plekanec.
4:25 of 2nd period - Stopped by Karri Ramo without a rebound.
4:26 of 2nd period - Mike Richards wins face-off versus Dave Bolland in Bruins zone.
4:53 of 2nd period - Shea Weber is hit by Victor Oreskovich and loses puck.
5:00 of 2nd period - Matt Cooke is hit by Sean Bergenheim and loses puck.
5:47 of 2nd period - Slapshot by Curtis Glencross.
5:47 of 2nd period - Shot Misses the Net.
6:24 of 2nd period - Dave Bolland is hit by Chris Campoli and loses puck.
7:01 of 2nd period - Icing by Rickard Wallin.
7:02 of 2nd period - Matt Hendricks wins face-off versus Rickard Wallin in Red Wings zone.
7:09 of 2nd period - Andrew Alberts is hit by Nate Thompson.
7:17 of 2nd period - Stephane Robidas is hit by Matt Hendricks and loses puck.
7:30 of 2nd period - Snap shot by Rickard Wallin.
7:30 of 2nd period - Stopped by Karri Ramo with a rebound.
7:32 of 2nd period - Backhand shot by Stephane Robidas.
7:32 of 2nd period - Shot Blocked by Jason Demers.
7:34 of 2nd period - Snap shot by Rickard Wallin.
7:34 of 2nd period - Shot Blocked by Jason Demers.
7:36 of 2nd period - Snap shot by Rickard Wallin.
7:36 of 2nd period - Stopped by Karri Ramo without a rebound.
7:37 of 2nd period - Henrik Sedin wins face-off versus Mike Richards in Bruins zone.
8:42 of 2nd period - Slapshot by Nate Prosser.
8:42 of 2nd period - Stopped by Michal Neuvirth without a rebound.
8:43 of 2nd period - Matt Hendricks wins face-off versus Rickard Wallin in Red Wings zone.
8:50 of 2nd period - Wrist shot by Curtis Glencross.
8:50 of 2nd period - Shot Misses the Net.
8:52 of 2nd period - Slapshot by Andrew Alberts.
8:52 of 2nd period - Shot Blocked by Mike Brown.
8:54 of 2nd period - Slapshot by Matt Hendricks.
8:54 of 2nd period - Goal by Matt Hendricks - Bruins : 2 - Red Wings : 2.
8:55 of 2nd period - Mike Richards wins face-off versus Henrik Sedin in neutral zone.
9:03 of 2nd period - Slapshot by Henrik Sedin.
9:03 of 2nd period - Shot Misses the Net.
9:05 of 2nd period - Snap shot by Daniel Sedin.
9:05 of 2nd period - Shot Misses the Net.
9:07 of 2nd period - Slapshot by Jason Demers.
9:07 of 2nd period - Stopped by Michal Neuvirth without a rebound.
9:08 of 2nd period - Mike Richards wins face-off versus Wojtek Wolski in Red Wings zone.
9:15 of 2nd period - Snap shot by Andrew Alberts.
9:15 of 2nd period - Stopped by Michal Neuvirth with a rebound.
9:35 of 2nd period - Victor Oreskovich is hit by Shea Weber and loses puck.
10:43 of 2nd period - Snap shot by Phil Kessel.
10:43 of 2nd period - Stopped by Karri Ramo with a rebound.
10:45 of 2nd period - Slapshot by Rick Nash.
10:45 of 2nd period - Stopped by Karri Ramo with a rebound.
10:47 of 2nd period - Slapshot by Jonathan Sigalet.
10:47 of 2nd period - Shot Blocked by Andrew Alberts.
11:05 of 2nd period - Off-side.
11:06 of 2nd period - Chris Kelly wins face-off versus Tyler Johnson in neutral zone.
11:09 of 2nd period - Snap shot by Chris Kelly.
11:09 of 2nd period - Shot Misses the Net.
11:33 of 2nd period - Victor Oreskovich is hit by Rick Nash and loses puck.
12:26 of 2nd period - Wrist shot by Rick Nash.
12:26 of 2nd period - Stopped by Karri Ramo without a rebound.
12:27 of 2nd period - Henrik Sedin wins face-off versus Tyler Johnson in Bruins zone.
13:16 of 2nd period - Maxim Kondratiev is hit by Wojtek Wolski and loses puck.
13:37 of 2nd period - Slapshot by Tyler Johnson.
13:37 of 2nd period - Stopped by Karri Ramo without a rebound.
13:38 of 2nd period - Henrik Sedin wins face-off versus Tomas Plekanec in Bruins zone.
13:51 of 2nd period - Wrist shot by Wojtek Wolski.
13:51 of 2nd period - Stopped by Michal Neuvirth without a rebound.
13:52 of 2nd period - Henrik Sedin wins face-off versus Mike Richards in Red Wings zone.
13:57 of 2nd period - Slapshot by Wojtek Wolski.
13:57 of 2nd period - Stopped by Michal Neuvirth without a rebound.
13:58 of 2nd period - Henrik Sedin wins face-off versus Phil Kessel in Red Wings zone.
14:47 of 2nd period - Slapshot by Mike Brown.
14:47 of 2nd period - Goal by Mike Brown - Bruins : 2 - Red Wings : 3.
14:48 of 2nd period - Mike Richards wins face-off versus Henrik Sedin in neutral zone.
14:51 of 2nd period - Slapshot by Shea Weber.
14:51 of 2nd period - Deflect By Phil Kessel.
14:51 of 2nd period - Stopped by Karri Ramo without a rebound.
14:52 of 2nd period - Mike Richards wins face-off versus Henrik Sedin in Bruins zone.
15:27 of 2nd period - Snap shot by Ales Hemsky.
15:27 of 2nd period - Shot Blocked by Jason Demers.
16:11 of 2nd period - Wrist shot by Matt Cooke.
16:11 of 2nd period - Stopped by Michal Neuvirth without a rebound.
16:12 of 2nd period - Chris Kelly wins face-off versus Mike Richards in Red Wings zone.
16:17 of 2nd period - Wrist shot by Victor Oreskovich.
16:17 of 2nd period - Shot Misses the Net.
16:19 of 2nd period - Slapshot by Ryan O'Byrne.
16:19 of 2nd period - Shot Misses the Net.
16:21 of 2nd period - Slapshot by Ryan O'Byrne.
16:21 of 2nd period - Stopped by Michal Neuvirth with a rebound.
16:23 of 2nd period - Backhand shot by Chris Kelly.
16:23 of 2nd period - Stopped by Michal Neuvirth without a rebound.
16:24 of 2nd period - Chris Kelly wins face-off versus Mike Richards in Red Wings zone.
16:27 of 2nd period - Wrist shot by Matt Cooke.
16:27 of 2nd period - Stopped by Michal Neuvirth with a rebound.
17:01 of 2nd period - Jonathan Sigalet is hit by Matt Hendricks and loses puck.
17:12 of 2nd period - Wrist shot by Mike Richards.
17:12 of 2nd period - Stopped by Karri Ramo with a rebound.
17:14 of 2nd period - Snap shot by Mike Richards.
17:14 of 2nd period - Shot Blocked by Dave Bolland.
17:29 of 2nd period - Slapshot by Rick Nash.
17:29 of 2nd period - Shot Misses the Net.
17:31 of 2nd period - Snap shot by Mike Richards.
17:31 of 2nd period - Shot Misses the Net.
17:33 of 2nd period - Slapshot by Shea Weber.
17:33 of 2nd period - Deflect By Phil Kessel.
17:33 of 2nd period - Shot Misses the Net.
17:33 of 2nd period - Puck is out of play.
17:34 of 2nd period - Henrik Sedin wins face-off versus Tyler Johnson in Bruins zone.
17:34 of 2nd period - Henrik Sedin is hit by Filip Kuba.
17:37 of 2nd period - Minor Penalty to Jason Demers for Tripping.
17:38 of 2nd period - Henrik Sedin wins face-off versus Tyler Johnson in Bruins zone.
17:52 of 2nd period - Snap shot by Adam Henrique.
17:52 of 2nd period - Shot Misses the Net.
17:54 of 2nd period - Slapshot by Jonathan Sigalet.
17:54 of 2nd period - Stopped by Karri Ramo without a rebound.
17:55 of 2nd period - Henrik Sedin wins face-off versus Mike Richards in Bruins zone.
18:21 of 2nd period - Off-side.
18:22 of 2nd period - Chris Kelly wins face-off versus Mike Richards in neutral zone.
18:33 of 2nd period - Snap shot by Shea Weber.
18:33 of 2nd period - Stopped by Karri Ramo with a rebound.
18:35 of 2nd period - Snap shot by Rick Nash.
18:35 of 2nd period - Shot Misses the Net.
18:37 of 2nd period - Wrist shot by Stephane Robidas.
18:37 of 2nd period - Stopped by Karri Ramo without a rebound.
18:38 of 2nd period - Mike Richards wins face-off versus Henrik Sedin in Bruins zone.
19:37 of 2nd period - Penalty to Jason Demers is over, Jason Demers is back on ice.
19:44 of 2nd period - Slapshot by Mark Stuart.
19:44 of 2nd period - Stopped by Michal Neuvirth with a rebound.
19:46 of 2nd period - Slapshot by Mark Stuart.
19:46 of 2nd period - Shot Blocked by Filip Kuba.
Goals for this period are 1 for Bruins vs 1 for Red Wings.
Shots for this period are 12 for Bruins vs 14 for Red Wings.
3rd period
0:01 of 3rd period - Henrik Sedin wins face-off versus Tyler Johnson in neutral zone.
0:03 of 3rd period - Andrew Alberts is hit by Shea Weber and loses puck.
0:10 of 3rd period - Wrist shot by Tyler Johnson.
0:10 of 3rd period - Deflect By Steve Downie.
0:10 of 3rd period - Shot Misses the Net.
0:10 of 3rd period - Puck is out of play.
0:11 of 3rd period - Henrik Sedin wins face-off versus Steve Downie in Bruins zone.
0:52 of 3rd period - Victor Oreskovich is hit by Mike Richards and loses puck.
1:05 of 3rd period - Slapshot by Jason Demers.
1:05 of 3rd period - Stopped by Michal Neuvirth with a rebound.
1:11 of 3rd period - Wrist shot by Ales Hemsky.
1:11 of 3rd period - Shot Misses the Net.
1:13 of 3rd period - Slapshot by Stephane Robidas.
1:13 of 3rd period - Stopped by Karri Ramo with a rebound.
1:15 of 3rd period - Slapshot by Tomas Plekanec.
1:15 of 3rd period - Goal by Tomas Plekanec - Bruins : 2 - Red Wings : 4.
1:16 of 3rd period - Daniel Sedin wins face-off versus Tyler Johnson in neutral zone.
1:20 of 3rd period - Icing by Steve Downie.
1:21 of 3rd period - Henrik Sedin wins face-off versus Tyler Johnson in Red Wings zone.
1:39 of 3rd period - Icing by Daniel Sedin.
1:40 of 3rd period - Mike Richards wins face-off versus Henrik Sedin in Bruins zone.
1:57 of 3rd period - Slapshot by Wojtek Wolski.
1:57 of 3rd period - Stopped by Michal Neuvirth with a rebound.
1:59 of 3rd period - Slapshot by Henrik Sedin.
1:59 of 3rd period - Shot Blocked by Maxim Kondratiev.
2:19 of 3rd period - Wrist shot by Wojtek Wolski.
2:19 of 3rd period - Stopped by Michal Neuvirth without a rebound.
2:20 of 3rd period - Chris Kelly wins face-off versus Tyler Johnson in Red Wings zone.
3:13 of 3rd period - Snap shot by Erik Condra.
3:13 of 3rd period - Stopped by Michal Neuvirth with a rebound.
4:04 of 3rd period - Wrist shot by Wojtek Wolski.
4:04 of 3rd period - Stopped by Michal Neuvirth with a rebound.
4:06 of 3rd period - Slapshot by Wojtek Wolski.
4:06 of 3rd period - Shot Misses the Net.
4:08 of 3rd period - Slapshot by Nate Prosser.
4:08 of 3rd period - Deflect By Chris Campoli.
4:08 of 3rd period - Stopped by Michal Neuvirth without a rebound.
4:09 of 3rd period - Chris Kelly wins face-off versus Tyler Johnson in Red Wings zone.
4:24 of 3rd period - Snap shot by Sean Bergenheim.
4:24 of 3rd period - Shot Misses the Net.
4:45 of 3rd period - Wrist shot by Matt Cooke.
4:45 of 3rd period - Stopped by Michal Neuvirth with a rebound.
4:47 of 3rd period - Slapshot by Victor Oreskovich.
4:47 of 3rd period - Stopped by Michal Neuvirth without a rebound.
4:48 of 3rd period - Dave Bolland wins face-off versus Mike Richards in Red Wings zone.
5:38 of 3rd period - Erik Condra is hit by Chris Campoli and loses puck.
6:33 of 3rd period - Minor Penalty to Stephane Robidas for Hooking.
6:34 of 3rd period - Henrik Sedin wins face-off versus Steve Downie in Red Wings zone.
7:25 of 3rd period - Wrist shot by Wojtek Wolski.
7:25 of 3rd period - Goal by Wojtek Wolski - Bruins : 3 - Red Wings : 4.
7:26 of 3rd period - Mike Richards wins face-off versus Matt Cooke in neutral zone.
7:38 of 3rd period - Off-side.
7:39 of 3rd period - Tyler Johnson wins face-off versus Chris Kelly in neutral zone.
7:42 of 3rd period - Slapshot by Sean Bergenheim.
7:42 of 3rd period - Stopped by Karri Ramo with a rebound.
8:32 of 3rd period - Snap shot by Steve Downie.
8:32 of 3rd period - Stopped by Karri Ramo with a rebound.
8:34 of 3rd period - Slapshot by Steve Downie.
8:34 of 3rd period - Shot Misses the Net.
8:36 of 3rd period - Slapshot by Jonathan Sigalet.
8:36 of 3rd period - Deflect By Steve Downie.
8:36 of 3rd period - Shot Misses the Net.
8:36 of 3rd period - Puck is out of play.
8:37 of 3rd period - Victor Oreskovich wins face-off versus Mike Richards in Bruins zone.
8:48 of 3rd period - Phil Kessel is hit by Jason Demers and loses puck.
9:03 of 3rd period - Wojtek Wolski is hit by Filip Kuba and loses puck.
9:14 of 3rd period - Snap shot by Adam Henrique.
9:14 of 3rd period - Deflect By Tomas Plekanec.
9:14 of 3rd period - Shot Misses the Net.
9:14 of 3rd period - Puck is out of play.
9:15 of 3rd period - Mike Richards wins face-off versus Chris Kelly in Bruins zone.
9:16 of 3rd period - Snap shot by Rick Nash.
9:16 of 3rd period - Shot Misses the Net.
9:30 of 3rd period - Snap shot by Rick Nash.
9:30 of 3rd period - Shot Misses the Net.
9:32 of 3rd period - Wrist shot by Mike Richards.
9:32 of 3rd period - Stopped by Karri Ramo with a rebound.
9:42 of 3rd period - Jonathan Sigalet is hit by Mark Stuart and loses puck.
11:34 of 3rd period - Snap shot by Steve Downie.
11:34 of 3rd period - Stopped by Karri Ramo with a rebound.
11:36 of 3rd period - Wrist shot by Sean Bergenheim.
11:36 of 3rd period - Deflect By Tyler Johnson.
11:36 of 3rd period - Shot Misses the Net.
11:36 of 3rd period - Puck is out of play.
11:37 of 3rd period - Tyler Johnson wins face-off versus Henrik Sedin in Bruins zone.
11:48 of 3rd period - Snap shot by Steve Downie.
11:48 of 3rd period - Stopped by Karri Ramo with a rebound.
11:50 of 3rd period - Slapshot by Shea Weber.
11:50 of 3rd period - Deflect By Tyler Johnson.
11:50 of 3rd period - Stopped by Karri Ramo without a rebound.
11:51 of 3rd period - Henrik Sedin wins face-off versus Mike Richards in Bruins zone.
12:08 of 3rd period - Andrew Alberts is hit by Chris Campoli and loses puck.
12:23 of 3rd period - Wrist shot by Sean Bergenheim.
12:23 of 3rd period - Deflect By Andrew Alberts.
12:23 of 3rd period - Stopped by Karri Ramo without a rebound.
12:24 of 3rd period - Tyler Johnson wins face-off versus Chris Kelly in Bruins zone.
13:13 of 3rd period - Wrist shot by Viktor Stalberg.
13:13 of 3rd period - Stopped by Michal Neuvirth with a rebound.
13:15 of 3rd period - Wrist shot by Adam Pineault.
13:15 of 3rd period - Deflect By Dave Bolland.
13:15 of 3rd period - Stopped by Michal Neuvirth with a rebound.
14:18 of 3rd period - Snap shot by Henrik Sedin.
14:18 of 3rd period - Deflect By Wojtek Wolski.
14:18 of 3rd period - Stopped by Michal Neuvirth with a rebound.
14:20 of 3rd period - Slapshot by Henrik Sedin.
14:20 of 3rd period - Stopped by Michal Neuvirth with a rebound.
14:22 of 3rd period - Slapshot by Nate Prosser.
14:22 of 3rd period - Stopped by Michal Neuvirth with a rebound.
14:33 of 3rd period - Off-side.
14:34 of 3rd period - Dave Bolland wins face-off versus Tomas Plekanec in neutral zone.
15:48 of 3rd period - Slapshot by Dave Bolland.
15:48 of 3rd period - Shot Blocked by Adam Henrique.
15:50 of 3rd period - Snap shot by Adam Pineault.
15:50 of 3rd period - Deflect By Dave Bolland.
15:50 of 3rd period - Goal by Dave Bolland - Bruins : 4 - Red Wings : 4.
15:51 of 3rd period - Henrik Sedin wins face-off versus Mike Richards in neutral zone.
16:23 of 3rd period - Wrist shot by Sean Bergenheim.
16:23 of 3rd period - Stopped by Karri Ramo with a rebound.
16:39 of 3rd period - Wrist shot by Nate Prosser.
16:39 of 3rd period - Shot Misses the Net.
16:41 of 3rd period - Wrist shot by Erik Condra.
16:41 of 3rd period - Deflect By Matt Hendricks.
16:41 of 3rd period - Stopped by Michal Neuvirth with a rebound.
16:43 of 3rd period - Wrist shot by Curtis Glencross.
16:43 of 3rd period - Shot Misses the Net.
18:17 of 3rd period - Slapshot by Dave Bolland.
18:17 of 3rd period - Stopped by Michal Neuvirth with a rebound.
18:53 of 3rd period - Rick Nash is hit by Matt Cooke and loses puck.
19:36 of 3rd period - Mike Brown is hit by Andrew Alberts and loses puck.
Goals for this period are 2 for Bruins vs 1 for Red Wings.
Shots for this period are 17 for Bruins vs 10 for Red Wings.
Overtime #1
0:01 of 1st overtime period - Mike Richards wins face-off versus Henrik Sedin in neutral zone.
1:18 of 1st overtime period - Filip Kuba is hit by Curtis Glencross and loses puck.
1:50 of 1st overtime period - Adam Henrique is hit by Viktor Stalberg and loses puck.
2:41 of 1st overtime period - Sean Bergenheim is hit by Curtis Glencross and loses puck.
4:37 of 1st overtime period - Jason Demers is hit by Rick Nash and loses puck.
Goals for this period are 0 for Bruins vs 0 for Red Wings.
Shots for this period are 0 for Bruins vs 0 for Red Wings.
ShootOut
5:00 of 1st overtime period - Penalty Shot by Wojtek Wolski for Bruins.
5:00 of 1st overtime period - Wrist shot by Wojtek Wolski.
5:00 of 1st overtime period - Goal by Wojtek Wolski.
5:00 of 1st overtime period - Penalty Shot by Rick Nash for Red Wings.
5:00 of 1st overtime period - Backhand shot by Rick Nash.
5:00 of 1st overtime period - Stopped by Karri Ramo.
5:00 of 1st overtime period - Penalty Shot by Henrik Sedin for Bruins.
5:00 of 1st overtime period - Backhand shot by Henrik Sedin.
5:00 of 1st overtime period - Goal by Henrik Sedin.
5:00 of 1st overtime period - Penalty Shot by Mike Richards for Red Wings.
5:00 of 1st overtime period - Wrist shot by Mike Richards.
5:00 of 1st overtime period - Stopped by Karri Ramo.
Back to the Top